 Dungeon Crawl Stone Soup version 0.25.1-1-g288607f5aa (webtiles) character file.

Game seed: 12140470322680836799

710 protoss039 the Chopper (level 7, -1/64 HPs)
             Began as a Deep Dwarf Fighter on July 29, 2020.
             Was a Follower of Makhleb.
             Slain by an ogre
             ... wielding a +0 giant spiked club
              (12 damage)
             ... on level 6 of the Dungeon.
             The game lasted 00:16:10 (2987 turns).

protoss039 the Chopper (Deep Dwarf Fighter)         Turns: 2987, Time: 00:16:11

Health: -1/64      AC: 14    Str: 21    XL:     7   Next: 40%
Magic:  7/7        EV:  4    Int:  9    God:    Makhleb [*.....]
Gold:   301        SH: 10    Dex: 12    Spells: 6/6 levels left

rFire    . . .     SeeInvis .   a - +0 war axe
rCold    + . .     Gourm    .   c - +0 kite shield
rNeg     . . .     Faith    .   C - +0 plate armour
rPois    .         Spirit   .   (no helmet)
rElec    .         Reflect  .   (no cloak)
rCorr    .         Harm     .   n - +1 pair of gloves
MR       +....                  (no boots)
Stlth    ..........             (no amulet)
HPRegen  0.00/turn              r - ring of protection from cold
MPRegen  0.10/turn              (no ring)

@: mighty, non-regenerating
A: damage resistance, heal wounds, sense surroundings 1, no regeneration
a: Heal Wounds, Renounce Religion


You were on level 6 of the Dungeon.
You worshipped Makhleb.
Makhleb was aware of your devotion.
You were not hungry.

You visited 2 branches of the dungeon, and saw 7 of its levels.

You collected 301 gold pieces.

Inventory:

Hand Weapons
 a - a +0 war axe (weapon)
Missiles
 x - a poisoned dart (quivered)
Armour
 b - a +1 ring mail of cold resistance
 c - a +0 kite shield (worn)
 n - a +1 pair of gloves (worn)
 v - a +2 chain mail of poison resistance
 C - a +0 plate armour (worn)
Jewellery
 r - a ring of protection from cold (left hand)
Scrolls
 h - a scroll of random uselessness {unknown}
 j - a scroll of enchant weapon {unknown}
 l - 10 scrolls of identify {unknown}
 o - 2 scrolls of remove curse {unknown}
 p - 2 scrolls of blinking {unknown}
 s - 2 scrolls of magic mapping {unknown}
 t - 2 scrolls of teleportation
 w - a scroll of enchant armour {unknown}
 y - a scroll of immolation {unknown}
Potions
 d - a potion of might
 e - 2 potions of ambrosia {unknown}
 g - a potion of heal wounds {unknown}
 k - a potion of degeneration {unknown}
 m - 2 potions of curing {unknown}
 q - a potion of stabbing {unknown}
 u - a potion of flight {unknown}
 z - a potion of lignification {unknown}
 A - a potion of brilliance {unknown}
 B - a potion of magic {unknown}
 D - a potion of resistance {unknown}
Comestibles
 f - 9 rations
 i - a chunk of flesh


   Skills:
 + Level 4.0 Fighting
 + Level 6.1 Axes
 + Level 4.4 Armour
 - Level 1.0 Dodging
 + Level 5.2 Shields
 * Level 2.5 Invocations


You had 6 spell levels left.
You didn't know any spells.
Your spell library was empty.

Dungeon Overview and Level Annotations

Branches:
Dungeon (6/15)             Temple (1/1) D:6

Altars:
Ashenzari
Cheibriados
Dithmenos
Elyvilon
Fedhas
Gozag
Hepliaklqana
Kikubaaqudgha
Makhleb
Nemelex Xobeh
Okawaru
Qazlal
Trog
Uskayaw
Vehumet
Wu Jian
Xom
Yredelemnul
Zin

Annotations:
D:6 3 runed translucent doors, protoss039's ghost, novice DEEE


Innate Abilities, Weirdness & Mutations

You are resistant to damage.
You can heal yourself by infusing magical energy.
You passively map a small area around you.
You do not regenerate.


Message History

Makhleb accepts your kill.
You can now gain health from killing.
The howler monkey hoots and howls with incredible vigour!
Unknown command.
You hit the ogre.
The ogre is lightly wounded.
Unknown command.
Your plate armour prevents you from hitting the ogre.
The ogre is lightly wounded.
You block the ogre's attack.
Unknown command.
The bullfrog gives a loud, deep croak!
You slash the ogre!
The ogre is moderately wounded.
The ogre hits you with a +0 giant spiked club!
* * * LOW HITPOINT WARNING * * *
Unknown command.
Okay, then.
You fail to use your ability.
The ogre hits you with a +0 giant spiked club!
You die...

* * , * F.## *
...# , , ,.h.#
, ##### ,.Z( ,
* ,,##...##,.o
, ##.....##.#
#.......#F#
,+,#......@Oh#
* ,#.......#h#
##.....##Z#
##.).## ..
##### ,.O. , ,
h..# , *, ...#
, ** ..## * *


You could see an ogre, a bullfrog, a howler monkey and a hound.

Vanquished Creatures
  A phantom (D:4)
  A bullfrog (D:6)
  A howler monkey (D:4)
  A crimson imp (D:6)
  2 centaur skeletons
  3 hounds
  A bullfrog skeleton (D:4)
  An iguana (D:4)
  An orc wizard (D:6)
  4 worker ants
  4 adders
  An ooze (D:4)
  3 worms (D:2)
  2 dart slugs
  4 leopard geckos
  13 orcs
  3 giant cockroaches
  6 goblins
  10 hobgoblins
  7 jackals
  2 quokkas
  3 ball pythons
  9 bats
  3 frilled lizards
  13 kobolds
  8 rats
107 creatures vanquished.

Notes
Turn   | Place    | Note
-------+----------+-------------------------------------------
     0 | D:1      | protoss039 the Deep Dwarf Fighter began the quest for the
                  | Orb.
     0 | D:1      | Reached XP level 1. HP: 20/20 MP: 1/1
   123 | D:1      | Reached XP level 2. HP: 22/28 MP: 2/2
   735 | D:2      | Reached XP level 3. HP: 27/34 MP: 3/3
   844 | D:2      | Reached skill level 3 in Axes
  1086 | D:2      | Reached XP level 4. HP: 16/42 MP: 4/4
  1169 | D:2      | Found a radiant altar of Vehumet.
  1169 | D:2      | Found an opulent altar of Gozag.
  1387 | D:3      | Found a faded altar of an unknown god.
  1437 | D:3      | Found a bloodstained altar of Trog.
  1605 | D:3      | Found a shadowy altar of Dithmenos.
  1732 | D:3      | Found a hazy altar of Hepliaklqana.
  1776 | D:3      | Reached skill level 1 in Dodging
  2197 | D:4      | Noticed a phantom
  2364 | D:4      | Reached XP level 5. HP: 30/49 MP: 5/5
  2396 | D:4      | You fall into a shaft and drop 2 floors!
  2409 | D:6      | HP: 2/49 [acid (4)]
  2446 | D:6      | Noticed a phantom
  2448 | D:6      | Found a runed translucent gate.
  2449 | D:6      | Found a runed translucent gate.
  2449 | D:6      | Found a runed translucent gate.
  2451 | D:6      | Noticed protoss039's ghost (novice DEEE)
  2453 | D:6      | Noticed a phantom
  2470 | D:6      | Found an ornate altar of the Wu Jian Council.
  2491 | D:6      | Reached skill level 4 in Axes
  2503 | D:6      | Found a staircase to the Ecumenical Temple.
  2519 | D:6      | Reached XP level 6. HP: 29/56 MP: 5/5
  2539 | Temple   | Entered the Ecumenical Temple
  2583 | Temple   | Became a worshipper of Makhleb the Destroyer
  2640 | D:5      | Entered Level 5 of the Dungeon
  2682 | D:4      | Reached skill level 5 in Axes
  2724 | D:4      | Reached skill level 1 in Invocations
  2736 | D:4      | Reached skill level 5 in Shields
  2864 | D:4      | Reached XP level 7. HP: 19/63 MP: 7/7
  2867 | D:4      | Got a polished ring mail
  2878 | D:4      | Identified the +0 ring mail "Raxexuonosm" {rPois rC- Dex+7}
                  | (You found it on level 4 of the Dungeon)
  2951 | D:4      | You fall into a shaft and drop 2 floors!
  2951 | D:6      | Found the +8 demon trident "Rift" {distort, reach+}
  2978 | D:6      | Reached skill level 6 in Axes
  2983 | D:6      | Reached * piety under Makhleb
  2987 | D:6      | Slain by an ogre

Illustrated notes

Levels and vault maps discovered:
D:1:      saegor_arrival_simple_c, layout_basic, eino_curves_03,
          chequers_hall_statues_y
D:2:      layout_basic, gammafunk_temple_overflow_wave, first_ration
D:3:      layout_loops_corners, nicolae_overflow_crystal_walls,
          overflow_temple_1_default, chequers_ecumenical_altar_simple,
          trog_hazing_becter
D:4:      layout_basic
D:5:      layout_rooms, old_standard_altar
D:6:      minmay_octagon_keep, layout_basic, lemuel_crystal_altar,
          minmay_temple_entry_mini_moons, gammafunk_ghost_split, minivault_1
Temple:   nicolae_temple_great_sept

Skill      XL: |  1  2  3  4  5  6  7 |
---------------+----------------------+-----
Fighting       | 3 4 |  4.0
Axes           | 3 4 5 6 |  6.1
Shields        | 4 5 |  5.2
Dodging        | 1 |  1.0
Armour         | 4 |  4.4
Invocations    | 2 |  2.5

Action                   |  1- 3 |  4- 6 |  7- 9 || total
-------------------------+-------+-------+-------++-------
Melee: War axe           |   158 |   257 |    26 ||   441
Throw: Dart              |       |     2 |       ||     2
 Abil: Heal Wounds       |       |     4 |       ||     4
  Use: Scroll            |       |     1 |       ||     1
       Potion            |       |       |     1 ||     1
  Eat: Chunk             |     1 |     6 |     1 ||     8
Armor: Scale mail        |    50 |       |       ||    50
       Chain mail        |    28 |       |       ||    28
       Ring mail         |    26 |    69 |       ||    95
       Plate armour      |       |    31 |    11 ||    42
Dodge: Dodged            |    64 |    79 |     2 ||   145
Block: Kite shield       |   111 |   137 |    11 ||   259
